 Dungeon Crawl Stone Soup version 0.15.0-31-geb66e34 (webtiles) character file.

32 CrazyArbalest the Vexing (level 3, -4/17 HPs)
             Began as a Spriggan Arcane Marksman on Sept 12, 2014.
             Killed from afar by Sigmund (10 damage)
             ... with a magic dart
             ... on Level 2 of the Dungeon.
             The game lasted 00:08:13 (2030 turns).

CrazyArbalest the Vexing (Spriggan Arcane Marksman) Turns: 2030, Time: 00:08:13

HP  -4/17        AC  2     Str  7      XL: 3   Next: 10%
MP   7/7         EV 19     Int 14      God:
Gold 53          SH  0     Dex 16      Spells:  1 memorised,  3 levels left

rFire  . . .     SeeInvis +     b - +0 hand crossbow
rCold  . . .     Clarity  .     h - +0 robe
rNeg   + . .     rCorr    .     (shield restricted)
rPois  .         rRot     .     (helmet restricted)
rElec  .         Spirit   .     (no cloak)
SustAb .         Warding  .     (gloves unavailable)
rMut   .         Stasis   .     (boots unavailable)
Gourm  .                        (no amulet)
MR     .....                    (no ring)
                                o - ring of positive energy

@: very quick, not resistant to hostile enchantments, very unstealthy
A: unfitting armour, see invisible, herbivore 3, speed 3, slow metabolism 2
a: no special abilities


You were on level 2 of the Dungeon.
You were not hungry.

You visited 1 branch of the dungeon, and saw 2 of its levels.

You collected 53 gold pieces.

Inventory:

Hand weapons
 a - a +0 dagger
 b - a +0 hand crossbow (weapon)
Missiles
 c - 16 bolts (quivered)
Armour
 h - a +0 robe (worn)
Comestibles
 l - 3 fruits
Scrolls
 g - 2 scrolls of remove curse {unknown}
 i - a scroll of magic mapping {unknown}
 j - a scroll of noise {unknown}
 k - 3 scrolls of identify {unknown}
 p - a scroll of recharging {unknown}
Jewellery
 f - an uncursed ring of ice
 o - a ring of positive energy (left hand)
Potions
 e - a potion of porridge
 m - a potion of haste {unknown}
 n - a potion of invisibility {unknown}
Books
 d - a book of Debilitation

   Spells                             Type                      Level
   *Corona                            Hexes                        1
   Slow                               Hexes                        2
   Inner Flame                        Hexes/Fire                   3
   Enslavement                        Hexes                        4
   Cause Fear                         Hexes                        4
   Leda's Liquefaction                Hexes/Earth                  4


   Skills:
 + Level 0.8 Fighting
 + Level 0.2 Short Blades
 + Level 2.4 Crossbows
 + Level 3.6 Dodging
 + Level 1.3 Spellcasting
 + Level 4.3 Hexes


You had 3 spell levels left.
You knew the following spells:

 Your Spells              Type           Power        Failure   Level  Hunger
a - Corona                Hex            ##.....      4%          1    ##.....


Dungeon Overview and Level Annotations

Branches:
Dungeon (2/15)

Altars:

Annotations:
D:2 Sigmund


Innate Abilities, Weirdness & Mutations

You are tiny and cannot use many weapons and most armour.
You have supernaturally acute eyesight.
You are a herbivore.
You cover ground extremely quickly.
You need consume almost no food.


Message History

No target in view!
k - 3 scrolls labeled IDUATT UCSAE (gained 1)
Items here: %% ))) a club x3 a goblin corpse; a hobgoblin corpse You see here 3 stones.
Sigmund the Dreaded comes into view.
He is wielding a scythe.
Sigmund shouts!
Sigmund zaps a wand.
The magic dart hits you!
Wield which item (- for none, * to show all)? (? for menu, Esc to quit)
b - a +0 hand crossbow (weapon)
Firing (i - inventory):
c - 17 bolts (quivered)
Press: ? - help, Shift-Dir - straight line, f - Sigmund
Aim: Sigmund, wielding a scythe, wearing a robe and carrying a wand of magic darts {zapped: 1} You shoot a bolt.
The bolt hits Sigmund!
Sigmund is moderately wounded.
Sigmund casts a spell at you. The magic dart hits you!
Ouch! That really hurt!
You die...

#...# ##. #.
###.###
#....#...########
#................
##..####.########
## #)# ## #(#
##...#.###########
#.....(..@...!....
##....>...########
#####.#..# #....#
...#.# ...##..
#........
#######.. @


You could see Sigmund.

Vanquished Creatures
  A worm (D:1)
  A giant gecko (D:1)
  A ball python (D:1)
  2 bats (D:1)
  A giant cockroach (D:2)
  7 goblins
  2 hobgoblins
  2 jackals (D:1)
  A giant newt (D:1)
  3 kobolds
  3 rats
24 creatures vanquished.

Notes
Turn   | Place    | Note
--------------------------------------------------------------
     0 | D:1      | CrazyArbalest, the Spriggan Arcane Marksman, began the quest for the Orb.
     0 | D:1      | Reached XP level 1. HP: 9/9 MP: 3/3
   258 | D:1      | Reached XP level 2. HP: 4/14 MP: 5/5
   531 | D:1      | Reached skill level 4 in Hexes
  1882 | D:2      | Reached XP level 3. HP: 12/17 MP: 7/7
  2028 | D:2      | Noticed Sigmund
  2030 | D:2      | Killed from afar by Sigmund

Action                   || total
-------------------------++-------
Melee: Dagger            ||   142
 Fire: Hand crossbow     ||    15
 Cast: Corona            ||     1
